 Dungeon Crawl Stone Soup version 0.22.1-2-g9c5b331 (webtiles) character file.

39262 diana the Carver (level 13, -2/113 HPs)
             Began as a Demigod Gladiator on Nov 18, 2018.
             Slain by an eight-headed hydra (9 damage)
             ... while paralysed by Rupert
             ... on level 5 of the Lair of Beasts.
             The game lasted 00:56:07 (27551 turns).

diana the Carver (Demigod Gladiator)               Turns: 27551, Time: 00:56:08

Health: -2/113     AC: 15    Str: 29    XL:     13   Next: 34%
Magic:  16/16      EV:  2    Int: 12    God:
Gold:   1487       SH:  0    Dex: 19    Spells: 12/12 levels left

rFire    . . .     SeeInvis .   b - +0 scimitar (flame)
rCold    + . .     Gourm    .   (no shield)
rNeg     . . .     Faith    .   t - +1 ring mail {rC+}
rPois    .         Spirit   .   c - +0 helmet
rElec    .         Reflect  .   k - +1 cloak
rCorr    .         Harm     .   j - +0 pair of gloves
MR       +....                  A - +0 pair of boots
Stlth    +.........             p - amulet of rage
HPRegen  0.28/turn              N - +1 ring of protection
MPRegen  0.15/turn              F - +6 ring of strength

@: paralysed, hasted
A: high mp 1
a: Evoke Berserk Rage


You were on level 5 of the Lair of Beasts.
You were hungry.

You visited 3 branches of the dungeon, and saw 18 of its levels.

You collected 1487 gold pieces.

Inventory:

Hand Weapons
 b - a +0 scimitar of flaming (weapon)
 K - the +1 falchion of the Doomed Warrior {freeze, rElec Str+4 Int+2, unknown}
   (You found it on level 5 of the Lair of Beasts)

   It has been specially enchanted to freeze those struck by it, causing extra
   injury to most foes and up to half again as much damage against particularly
   susceptible opponents.
   It can also slow down cold-blooded creatures.
   It affects your strength (+4).
   It affects your intelligence (+2).
   It insulates you from electricity.
 R - a +2 long sword of protection
Armour
 a - a +0 cloak
 c - a +0 helmet (worn)
 g - the +1 ring mail of the Crushed Gods {rElec rF++ Regen+ Dex-5}
   (You found it on level 5 of the Lair of Beasts)

   It affects your dexterity (-5).
   It greatly protects you from fire.
   It insulates you from electricity.
   It increases your rate of regeneration.
 j - a +0 pair of gloves (worn)
 k - a +1 cloak (worn)
 t - a +1 ring mail of cold resistance (worn)
 v - a +0 shield
 A - a +0 pair of boots (worn)
Jewellery
 l - an uncursed ring of see invisible
 p - an amulet of rage (around neck)
 y - an uncursed ring of positive energy
 E - an uncursed ring of poison resistance
 F - a +6 ring of strength (right hand)
 N - a +1 ring of protection (left hand)
Wands
 w - a wand of flame (16)
 B - a wand of polymorph (11)
 D - a wand of digging (25)
 I - a wand of iceblast (2)
 O - a wand of paralysis (16)
Scrolls
 d - 3 scrolls of vulnerability
 h - a scroll of enchant weapon
 i - 2 scrolls of remove curse
 n - a scroll of torment
 o - a scroll of acquirement
 s - a scroll of magic mapping
 u - 4 scrolls of identify
 z - 2 scrolls of fog
 C - a scroll of amnesia
 M - 4 scrolls of enchant armour
Potions
 e - a potion of curing
 m - a potion of lignification
 q - 3 potions of magic
 r - 4 potions of cancellation
 H - a potion of agility
 J - 2 potions of flight
Comestibles
 f - 16 rations
 G - a chunk of flesh


   Skills:
 - Level 10.0 Fighting
 - Level 14.1 Long Blades
 - Level 1.7 Throwing
 + Level 9.8 Armour
 - Level 10.0 Dodging


You had 12 spell levels left.
You didn't know any spells.
Your spell library contained the following spells:

 Spells                   Type           Power        Failure   Level  Hunger
 Infusion                 Chrm           #...         41%         1    ##.....
 Magic Dart               Conj           #...         41%         1    ##.....
 Sting                    Conj/Pois      #...         41%         1    ##.....
 Poisonous Vapours        Pois/Air       #.....       54%         2    ###....
 Searing Ray              Conj           #.....       54%         2    ###....
 Shroud of Golubria       Chrm/Tloc      #.........   54%         2    ###....
 Song of Slaying          Chrm           #.......     54%         2    ###....
 Dazzling Spray           Conj/Hex       #.....       78%         3    ####...
 Mephitic Cloud           Conj/Pois/Air  #.......     78%         3    ####...
 Regeneration             Chrm/Necr      #.........   78%         3    ####...
 Spectral Weapon          Hex/Chrm       #.......     78%         3    ####...
 Force Lance              Conj/Tloc      #.......     99%         4    #####..
 Fulminant Prism          Conj/Hex       #.........   99%         4    #####..
 Iskenderun's Mystic Bla  Conj           #.......     99%         4    #####..
 Olgreb's Toxic Radiance  Pois           #.......     99%         4    #####..
 Venom Bolt               Conj/Pois      #.........   100%        5    ######.


Dungeon Overview and Level Annotations

Branches:
Dungeon (11/15)            Temple (0/1) D:5            Lair (5/6) D:9
 Shoals (0/4) Lair:4       Spider (0/4) Lair:4          Orc (2/2) D:9
    Elf (0/3) Orc:2
  Slime: Lair:5-6

Shops:
D:10 (   Orc:2 %%

Annotations:
D:9 3 runed doors, bmj180's ghost, novice DsNe
Lair:2 3 runed doors, Difoud's ghost, journeyman HuWn; Loge's ghost, journeyman TrMo
Lair:5 Rupert


Innate Abilities, Weirdness & Mutations

You have an increased reservoir of magic. (+10% MP)


Message History

Rupert screams, "Die, monster!"
Rupert roars wildly at you.
You suddenly lose the ability to move!
The eight-headed hydra bites you. x5
The eight-headed hydra bites you but does no damage.
The eight-headed hydra bites you!
The eight-headed hydra bites you but does no damage.
The eight-headed hydra bites you! x3
The eight-headed hydra bites you but does no damage. x2
The eight-headed hydra bites you.
* * * LOW HITPOINT WARNING * * *
The eight-headed hydra bites you but does no damage.
The eight-headed hydra bites you.
* * * LOW HITPOINT WARNING * * *
Rupert hits you with a great mace of protection!!
* * * LOW HITPOINT WARNING * * *
The eight-headed hydra bites you.
* * * LOW HITPOINT WARNING * * *
The eight-headed hydra bites you!
You die...

. #.............(...#....
##..P.........P......#......
#P..###......................
##P....###...........#........
#.P...# ###..................
##..#.#####.................. #
###....##.#.................
.#####...........D.P...........
#...P#..........@@.............
.#....<..P..........#P.........
....!....<..#.........P....PP..
.#..........##.................
........................)......
.............P.......#.P.......
.........#..........##P.####...
...#.#............P###### ..
>...#.##.........### .


You could see Rupert and an eight-headed hydra.

Vanquished Creatures
  Gastronok (Lair:3)
  8 hydras
  Erica (Lair:1)
  2 two-headed ogres
  A soul eater (Orc:2)
  A skeletal warrior (D:9)
  A deep elf mage (D:9)
  An orc knight (Orc:2)
  An ugly thing (D:9)
  A cyclops (Orc:2)
  2 elephants
  3 black mambas
  Psyche (D:8)
  6 spiny frogs
  2 rime drakes
  6 komodo dragons
  6 trolls
  A polar bear (Lair:3)
  12 blink frogs
  Prince Ribbit (D:7)
  5 dream sheep (Lair:4)
  7 hippogriffs
  A spriggan (D:8)
  A wyvern (Lair:4)
  A wraith (D:10)
  30 yaks
  2 hungry ghosts
  A warg (Orc:1)
  5 water moccasins
  9 porcupines
  3 ice beasts
  18 orc warriors
  8 ogres
  2 sky beasts (D:7)
  6 phantoms
  3 black bears
  A necrophage (D:9)
  3 centaurs
  4 wolves (Lair:4)
  4 crocodiles
  3 big kobolds (D:9)
  15 bullfrogs
  4 gnoll sergeants (D:9)
  A wyvern zombie (D:9)
  A water moccasin zombie (D:7)
  2 scorpions
  14 wights
  4 electric eels
  2 howler monkeys
  3 bullfrog zombies
  2 crimson imps
  4 jellies
  A quasit (D:3)
  15 orc priests
  5 hounds
  10 orc wizards
  3 bullfrog skeletons
  A centaur skeleton (D:4)
  5 hell rats
  2 iguanas (D:9)
  11 worker ants
  A killer bee zombie (D:8)
  2 centaur simulacra (D:8)
  A hound zombie (D:6)
  A worker ant zombie (D:9)
  A howler monkey skeleton (D:8)
  16 adders
  13 gnolls
  A hound simulacrum (D:8)
  2 shadow imps
  A worker ant simulacrum (D:8)
  2 oozes
  An adder zombie (D:9)
  2 adder skeletons (D:4)
  A worm (D:2)
  2 dart slugs (D:2)
  9 leopard geckos
  70 orcs
  5 bats
  5 giant cockroaches
  8 hobgoblins
  20 jackals
  4 quokkas
  3 ball pythons
  4 frilled lizards
  9 goblins
  A jackal simulacrum (D:8)
  20 kobolds
  A quokka skeleton (D:6)
  8 rats
494 creatures vanquished.

Vanquished Creatures (others)
  A white imp (D:8)
  A bush (Lair:2)
  6 fungi
  6 plants
  4 withered plants (Lair:2)
18 creatures vanquished.

Grand Total: 512 creatures vanquished

Notes
Turn   | Place    | Note
-------+----------+-------------------------------------------
     0 | D:1      | diana the Demigod Gladiator began the quest for the Orb.
     0 | D:1      | Reached XP level 1. HP: 17/17 MP: 3/3
    44 | D:1      | Reached skill level 3 in Long Blades
   376 | D:1      | Reached XP level 2. HP: 24/24 MP: 4/4
   665 | D:1      | Reached XP level 3. HP: 22/29 MP: 5/5
   738 | D:1      | Reached skill level 4 in Long Blades
  1136 | D:2      | Reached XP level 4. HP: 9/36 MP: 6/6
  1765 | D:2      | Noticed a phantom
  1871 | D:3      | Reached skill level 5 in Long Blades
  2268 | D:3      | Reached XP level 5. HP: 39/41 MP: 7/7
  2743 | D:3      | Reached skill level 6 in Long Blades
  2855 | D:4      | Noticed a phantom
  3169 | D:4      | Reached XP level 6. HP: 7/48 MP: 8/8
  3723 | D:4      | Reached skill level 7 in Long Blades
  3910 | D:4      | Reached skill level 1 in Armour
  4052 | D:4      | Reached XP level 7. HP: 55/55 MP: 9/9
  4548 | D:5      | Entered Level 5 of the Dungeon
  4769 | D:5      | Found an iron altar of Okawaru.
  5157 | D:5      | Reached skill level 8 in Long Blades
  5180 | D:5      | Found a staircase to the Ecumenical Temple.
  5952 | D:6      | Reached XP level 8. HP: 59/64 MP: 10/10
  6461 | D:7      | Noticed Prince Ribbit
  6829 | D:7      | Reached skill level 9 in Long Blades
  7965 | D:7      | Reached XP level 9. HP: 56/73 MP: 11/11
  8014 | D:7      | Reached skill level 5 in Fighting
  8349 | D:7      | Killed Prince Ribbit
  8349 | D:7      | Reached skill level 10 in Long Blades
  8806 | D:8      | Reached skill level 5 in Armour
  8908 | D:8      | Noticed Psyche
  8925 | D:8      | Killed Psyche
  9357 | D:8      | Found an ornate altar of the Wu Jian Council.
  9360 | D:8      | Found a radiant altar of Vehumet.
  9920 | D:8      | Found a glowing silver altar of Zin.
 10026 | D:9      | Found a shadowy altar of Dithmenos.
 10028 | D:9      | Found a snail-covered altar of Cheibriados.
 10029 | D:9      | Found a sparkling altar of Nemelex Xobeh.
 10032 | D:9      | Found a hazy altar of Hepliaklqana.
 10074 | D:9      | Found a runed gate.
 10075 | D:9      | Noticed a kobold demonologist
 10075 | D:9      | Noticed bmj180's ghost (novice DsNe)
 10076 | D:9      | Noticed a kobold demonologist
 10076 | D:9      | Found a runed gate.
 10076 | D:9      | Found a runed gate.
 10132 | D:9      | Found a runed door.
 10168 | D:9      | Reached skill level 11 in Long Blades
 10189 | D:9      | Reached XP level 10. HP: 72/83 MP: 13/13
 10216 | D:9      | Found a staircase to the Lair.
 10243 | D:9      | Noticed a cyan ugly thing
 10434 | D:9      | Found a runed door.
 10836 | D:9      | Found a staircase to the Orcish Mines.
 11279 | D:9      | Reached skill level 5 in Dodging
 11711 | D:9      | Noticed a deep elf mage
 11863 | Lair:1   | Entered Level 1 of the Lair of Beasts
 11875 | Lair:1   | Noticed a seven-headed hydra
 11904 | D:9      | Reached skill level 12 in Long Blades
 12000 | D:9      | Killed a deep elf mage
 12185 | D:10     | Entered Level 10 of the Dungeon
 13423 | D:10     | Found Hiblauhe's Weapon Shop.
 13746 | D:11     | Noticed a brown ugly thing
 13799 | Orc:1    | Entered Level 1 of the Orcish Mines
 13917 | Orc:2    | Entered Level 2 of the Orcish Mines
 13917 | Orc:2    | Noticed a cyclops
 13969 | D:11     | Noticed a skeletal warrior
 13969 | D:11     | Noticed a skeletal warrior
 13969 | D:11     | Noticed a skeletal warrior
 14046 | D:9      | Killed a skeletal warrior
 14046 | D:9      | Reached XP level 11. HP: 46/93 MP: 14/14
 14534 | D:9      | Noticed a two-headed ogre
 14545 | D:9      | Killed a two-headed ogre
 15454 | Lair:1   | Noticed Erica
 15492 | Lair:1   | Killed Erica
 15492 | Lair:1   | Reached skill level 13 in Long Blades
 16212 | Lair:1   | Killed a one-headed hydra
 17258 | Lair:2   | Noticed an eight-headed hydra
 18046 | Lair:2   | Reached skill level 14 in Long Blades
 18382 | Lair:2   | Identified a scroll of acquirement
 18640 | Lair:2   | Reached XP level 12. HP: 88/105 MP: 15/15
 18683 | Lair:2   | Killed a four-headed hydra
 19209 | Lair:2   | Found a runed gate.
 19209 | Lair:2   | Found a runed gate.
 19210 | Lair:2   | Found a runed gate.
 19213 | Lair:2   | Noticed Loge's ghost (journeyman TrMo)
 19215 | Lair:2   | Noticed Difoud's ghost (journeyman HuWn)
 19532 | Lair:3   | Noticed a five-headed hydra
 19540 | Lair:3   | Killed a two-headed hydra
 19540 | Lair:3   | Reached skill level 10 in Fighting
 19979 | Lair:3   | Noticed a six-headed hydra
 20283 | Lair:3   | Killed a one-headed hydra
 20603 | Lair:3   | Found a snail-covered altar of Cheibriados.
 21101 | Lair:3   | Noticed Gastronok
 21120 | Lair:3   | Killed Gastronok
 21546 | Lair:3   | Noticed a four-headed hydra
 21554 | Lair:3   | Killed a one-headed hydra
 21749 | Lair:3   | You fall through a shaft!
 21899 | Lair:4   | Noticed a five-headed hydra
 21908 | Lair:4   | Killed a one-headed hydra
 23046 | Orc:2    | Found a staircase to the Elven Halls.
 23157 | Orc:2    | Found a roughly hewn altar of Beogh.
 23608 | Orc:2    | Reached XP level 13. HP: 61/113 MP: 16/16
 24223 | Orc:2    | HP: 5/113 [soul eater (13)]
 24871 | Orc:2    | Found Arphokh's Food Shoppe.
 24895 | Orc:2    | Found Nesofoar's Food Emporium.
 25791 | Lair:4   | Found a hole to the Spider Nest.
 26108 | Lair:4   | Found a staircase to the Shoals.
 26382 | Lair:5   | Noticed Rupert
 26383 | Lair:5   | Paralysed by Rupert for 7 turns
 27128 | Lair:5   | Got a polished ring mail
 27152 | Lair:4   | Reached skill level 10 in Dodging
 27396 | Lair:4   | Identified the +1 ring mail of the Crushed Gods {rElec rF++
                  | Regen+ Dex-5} (You found it on level 5 of the Lair of
                  | Beasts)
 27506 | Lair:5   | Got a bloodstained falchion
 27548 | Lair:5   | Paralysed by Rupert for 7 turns
 27551 | Lair:5   | Slain by an eight-headed hydra

Skill      XL: |  1  2  3  4  5  6  7  8  9 10 11 12 13 |
---------------+----------------------------------------+-----
Long Blades    | 3 4 5 6 7 8 9 11 12 14 | 14.1
Fighting       | 2 3 4 6 7 9 10 | 10.0
Armour         | 1 2 4 5 8 9 |  9.8
Dodging        | 3 5 8 10 | 10.0
Throwing       | |  1.7

Action                   |  1- 3 |  4- 6 |  7- 9 | 10-12 | 13-15 || total
-------------------------+-------+-------+-------+-------+-------++-------
Melee: Long sword        |   114 |   207 |   559 |    67 |   216 ||  1163
       Falchion          |       |       |       |   447 |       ||   447
       Scimitar          |       |       |       |   428 |    99 ||   527
Throw: Throwing net      |       |       |     2 |     2 |       ||     4
Evoke: Wand              |       |       |     4 |    27 |     4 ||    35
  Use: Potion            |     1 |     5 |     2 |     7 |     4 ||    19
       Scroll            |       |       |    10 |    16 |     3 ||    29
 Stab: Sleeping          |     1 |     3 |       |       |       ||     4
       Held in net/web   |       |       |       |     2 |       ||     2
       Distracted        |       |       |       |     1 |       ||     1
       Paralysed         |       |       |       |     1 |       ||     1
  Eat: Chunk             |       |     7 |    17 |    19 |    12 ||    55
       Ration            |       |     1 |     3 |     8 |       ||    12
Armor: Leather armour    |    41 |    33 |       |       |       ||    74
       Skin              |     2 |    37 |       |       |       ||    39
       Scale mail        |       |    37 |    68 |       |       ||   105
       Ring mail         |       |       |   158 |   278 |   128 ||   564
Dodge: Dodged            |    77 |   149 |   350 |   644 |   255 ||  1475
       Rpst.: Long sword |    26 |    45 |   118 |    18 |    34 ||   241
       Falchion          |       |       |       |    61 |       ||    61
       Scimitar          |       |       |       |    86 |    29 ||   115
